 Dungeon Sprint DCSS version 0.29.1-1-gd02db6906a (console) character file.

Game seed: 2630481003675228023

131 erker the Shield-Bearer (level 5, -5/44 HPs)
             Began as a Formicid Fighter on Oct 14, 2022.
             Slain by a human (13 damage)
             ... in the Dungeon (Sprint III: "The Ten Rune Challenge").
             The game lasted 00:02:10 (395 turns).

erker the Shield-Bearer (Formicid Fighter)           Turns: 395, Time: 00:02:11

Health: -5/44      AC:  7    Str: 22    XL:     5   Next: 37%
Magic:  5/5        EV: 11    Int:  8    God:
Gold:   29         SH:  5    Dex: 13    Spells: 4/4 levels left

rFire   . . .      SeeInvis +   a - +0 war axe
rCold   . . .      Faith    .   c - +0 buckler
rNeg    . . .      Spirit   .   b - +0 scale mail
rPois   .          Reflect  .   (helmet unavailable)
rElec   .          Harm     .   (no cloak)
rCorr   .          Rampage  .   (no gloves)
Will    .....                   (no boots)
Stlth   ..........              (no amulet)
HPRegen 0.14/turn               (no ring)
MPRegen 0.09/turn               (no ring)

@: mighty
A: permanent stasis, dig shafts and tunnels, antennae 3, four strong arms
a: Dig


You were in the Dungeon.
You visited 1 branch You collected 29 gold pieces.

Inventory:

Hand Weapons
 a - a +0 war axe (weapon)
Armour
 b - a +0 scale mail (worn)
 c - a +0 buckler (worn)
Scrolls
 h - a scroll of enchant armour {unknown}
 i - a scroll of immolation {unknown}
 j - 4 scrolls of identify
 m - a scroll of torment {unknown}
Potions
 e - 2 potions of mutation {unknown}
 f - a potion of heal wounds
 g - 3 potions of magic
 k - a potion of curing
 l - a potion of lignification {unknown}
 n - a potion of flight {unknown}


   Skills:
 + Level 5.4 Fighting
 * Level 6.0 Axes
 + Level 5.5 Armour
 + Level 3.2 Dodging
 + Level 6.5 Shields


You had 4 spell levels left.
You didn't know any spells.
Your spell library was empty.

Dungeon Overview and Level Annotations

Branches:
Dungeon (1/1)

Altars:
Okawaru
Trog
Uskayaw
Wu Jian


Innate Abilities, Weirdness & Mutations

You cannot be hasted, slowed, berserked, paralysed or teleported.
You can dig through walls and to a lower floor.
You have a pair of large antennae on your head. (SInv)
Your four strong arms can wield two-handed weapons with a shield.


Message History

The water elemental closely misses you.
You slice the water elemental!!
You destroy the water elemental!
You gasp with relief as air once again reaches your lungs.
Your Fighting skill increases to level 5!
Your Axes skill increases to level 6!
Your Armour skill increases to level 5!
Your Dodging skill increases to level 3!
Your Shields skill increases to level 6!
You have reached level 5!
There is an open door to the Ecumenical Temple here.
You open the door. 2 humans come into view.
The human shouts! x2
Found a whip and a robe.
Found five altars.
Okay, then.
You hit the human.
The human is lightly wounded.
The human closely misses you.
The human drinks a potion.
The human goes berserk!
You slash the human!
The human is moderately wounded.
You hit the human. The human hits you! The human barely misses you.
You slice the human!!
The human is severely wounded.
You completely miss the human. The human hits you but does no damage.
You block the human's attack. The human barely misses you.
You closely miss the human.
The human is severely wounded.
You miss the human. The human misses you.
The human drinks a potion.
The human seems to grow stronger.
The human hits you but does no damage.
You closely miss the human.
The human is severely wounded.
You hit the human. The human barely misses you. You block the human's attack.
The human hits you but does no damage.
You slash the human!
The human is almost dead.
You hit the human. The human hits you!
* * * LOW HITPOINT WARNING * * *
The human hits you!
You die...

▓▓▓▓▓▓▓ ▓▓▓ .'....♣ ♣.#
#### .#....♣♣♣ ♣.# _p_#
##....♣.♣ ♣.#{ __) {{
.#....~.♣♣♣♣.###+#'###+##
.#...~~.♣.♣..#..@p......#
.#..~~~~...♣.'.⌠.p......#
'#..~≈≈~~~.♣.#...######+#
.#.~~≈~~~....#.⌠.# {
.#.~≈~~~.....#...# {
.#.~~~.......#+###
##...........# {{
.............#
▓▓▓▓▓▓▓▓▓▓▓▓▓▓


You could see 2 humans.

Vanquished Creatures
  A scorpion (D)
  A water elemental (D)
  A human (D)
  2 endoplasms (D)
  2 rats (D)
7 creatures vanquished.

Notes
Turn   | Place    | Note
-------+----------+-------------------------------------------
     0 | D        | erker the Formicid Fighter began the quest for the Orb.
     0 | D        | Reached XP level 1. HP: 18/18 MP: 1/1
   124 | D        | Noticed a scorpion
   135 | D        | Killed a scorpion
   136 | D        | Reached skill level 5 in Shields
   136 | D        | Reached XP level 2. HP: 19/26 MP: 2/2
   136 | D        | Reached XP level 3. HP: 23/31 MP: 3/3
   136 | D        | Reached XP level 4. HP: 28/38 MP: 4/4
   217 | D        | Reached skill level 5 in Axes
   376 | D        | Noticed a water elemental
   381 | D        | Killed a water elemental
   382 | D        | Reached skill level 5 in Fighting
   382 | D        | Reached skill level 5 in Armour
   382 | D        | Reached XP level 5. HP: 27/44 MP: 5/5
   387 | D        | Found a hide-covered altar of Uskayaw.
   387 | D        | Found an iron altar of Okawaru.
   387 | D        | Found a bloodstained altar of Trog.
   387 | D        | Found an ornate altar of the Wu Jian Council.
   387 | D        | Noticed a human
   387 | D        | Noticed a human
   395 | D        | Slain by a human

Illustrated notes

Levels and vault maps discovered:
D:        dungeon_sprint_mu [sprint_mu_entry_forest, sprint_mu_temple_rooms,
          sprint_mu_d1_horrors, sprint_mu_d2_genie, sprint_mu_d3_branching,
          sprint_mu_orc_legion, sprint_mu_elf_gauntlet, sprint_mu_hive_nellie,
          sprint_mu_lair_fedhas, sprint_mu_vaults_butterflies,
          sprint_mu_slime_circle, sprint_mu_shoals_archi,
          sprint_mu_snake_twists, sprint_mu_blade_basic, sprint_mu_crypt_lich,
          sprint_mu_tomb_spiral, sprint_mu_vestibule_basic,
          sprint_mu_gehenna_hellfire, sprint_mu_dis_giant,
          sprint_mu_tartarus_statrot, sprint_mu_cocytus_islands, sprint_mu_zot1]

Skill      XL: |  1  2  3  4 |
---------------+-------------+-----
Fighting       | 4 5 |  5.4
Axes           | 4 6 |  6.0
Armour         | 4 5 |  5.5
Dodging        | 2 3 |  3.2
Shields        | 5 6 |  6.5

Action                   |  1- 3 |  4- 6 || total
-------------------------+-------+-------++-------
Melee: War axe           |    15 |    17 ||    32
 Abil: Dig               |       |     1 ||     1
  Use: Potion            |     1 |     1 ||     2
Armor: Scale mail        |       |     6 ||     6
Dodge: Dodged            |     6 |     6 ||    12
Block: Buckler           |     6 |     6 ||    12
